 Dungeon Crawl Stone Soup version 0.29.0-7-g18a832c13a (webtiles) character file.

Game seed: 16709666094971173573

99832 robertstho the Marksdraconian (level 15, 0/141 HPs)
             Began as a Purple Draconian Berserker on Aug 31, 2022.
             Was the Champion of Trog.
             Killed from afar by Azrael (28 damage)
             ... with damnation
             ... on level 15 of the Dungeon.
             The game lasted 00:41:40 (27210 turns).

robertstho the Marksdraconian (DrBe)               Turns: 27210, Time: 00:41:46

Health: 0/141      AC: 21    Str: 23    XL:     15   Next: 78%
Magic:  15/15      EV: 20    Int:  7    God:    Trog [******]
Gold:   1183       SH:  5    Dex: 18    Spells: 14/14 levels left

rFire   . . .      SeeInvis +   b - +8 longbow "Zephyr" {speed, Dex+3 SInv}
rCold   . . .      Faith    .   (shield currently unavailable)
rNeg    . . .      Spirit   .   (body armour unavailable)
rPois   .          Reflect  +   (helmet restricted)
rElec   .          Harm     .   w - scarf {+Inv}
rCorr   .          Rampage  .   B - +2 pair of gloves {Stlth+}
Will    ++...                   E - +0 pair of boots
Stlth   ++........              H - amulet of reflection
HPRegen 0.33/turn               T - +4 ring of protection
MPRegen 0.14/turn               M - +4 ring of protection

@: on fire, glowing
A: breathe power, AC +9, unfitting armour, cold-blooded
a: Breathe Dispelling Energy, Renounce Religion, Evoke Invisibility, Berserk,
Trog's Hand, Brothers in Arms


You were on level 15 of the Dungeon.
You worshipped Trog.
Trog was exalted by your worship.
You visited 3 branches of the dungeon, and saw 22 of its levels.
You also visited: Bailey and Gauntlet.

You collected 2941 gold pieces.
You spent 1758 gold pieces at shops.

Inventory:

Hand Weapons
 b - the +8 longbow "Zephyr" (weapon) {speed, Dex+3 SInv}
   (You took it off an orc knight in a bailey)

   Attacks with this weapon are significantly faster.
   Dex:       It affects your dexterity (+3).
   SInv:      It lets you see invisible.
 f - the +6 trident of Red Uncertain Death {flame, Str+2}
   (Trog gifted it to you on level 5 of the Lair of Beasts)

   It burns those it strikes, dealing additional fire damage.
   Str:       It affects your strength (+2).
 q - a +5 halberd of flaming
 G - the +12 pair of quick blades "Gyre" and "Gimble" {protect}
   (You found it on level 10 of the Dungeon)

   It grants its wielder temporary protection when it strikes (+7 to AC).
Armour
 w - a scarf of invisibility (worn)
 B - a +2 pair of gloves of stealth (worn)
 E - a +0 pair of boots (worn)
Jewellery
 a - a +6 ring of dexterity
 m - a ring of ice
 v - a ring of willpower
 D - a ring of flight
 H - an amulet of reflection (around neck)
 I - a ring of see invisible
 K - the ring of Hospitality {Wiz rF+}
   (You found it in a Gauntlet)

   [ring of wizardry]

   It improves your spell success rate.
   rF:        It protects you from fire.
 L - a ring of ice
 M - a +4 ring of protection (right hand)
 O - a ring of protection from fire
 T - a +4 ring of protection (left hand)
Wands
 c - a wand of light (5)
 n - a wand of flame (54)
 r - a wand of iceblast (16)
 t - a wand of digging (5)
 P - a wand of mindburst (2)
Scrolls
 e - a scroll of fog
 g - 5 scrolls of enchant weapon
 h - 4 scrolls of vulnerability
 j - 6 scrolls of poison
 l - 10 scrolls of teleportation
 s - a scroll of summoning
 x - 2 scrolls of immolation
 y - a scroll of blinking
 N - 2 scrolls of magic mapping
 R - a scroll of silence {unknown}
 S - a scroll of identify
Potions
 d - 5 potions of flight
 i - 3 potions of might
 k - 14 potions of curing
 p - 3 potions of ambrosia
 u - 5 potions of mutation
 z - 3 potions of invisibility
 A - a potion of resistance
 C - a potion of haste
 F - 2 potions of cancellation
Miscellaneous
 o - a lightning rod (4/4)
 J - a box of beasts


   Skills:
 * Level 15.5 Fighting
 + Level 11.0 Polearms
 * Level 16.9 Ranged Weapons
 * Level 12.2 Dodging
 + Level 4.3 Stealth
 + Level 2.2 Shields
 + Level 1.3 Evocations


You had 14 spell levels left.
You didn't know any spells.
Your spell library was empty.

Dungeon Overview and Level Annotations

Branches:
Dungeon (15/15)            Temple (0/1) D:6            Lair (5/5) D:11
 Shoals (0/4) Lair:3        Snake (0/4) Lair:3        Slime (0/5) Lair:5
    Orc (2/2) D:10            Elf (0/3) Orc:2        Vaults (0/5) D:14
 Bailey (visited)         Gauntlet (visited)
 Depths: D:15

Altars:
Dithmenos
Hepliaklqana
Nemelex Xobeh
Ru
Trog
The Shining One
Jiyva

Shops:
D:1 *   D:8 *   D:11 (   D:12 =   Orc:2 !=![

Portals:
Pandemonium: Orc:2

Annotations:
D:12 3 runed translucent doors, Sobieck's ghost, journeyman HOFi
D:15 Azrael


Innate Abilities, Weirdness & Mutations

You can breathe bolts of dispelling energy.
Your rich purple scales are hard. (AC +9)
You cannot fit into any form of body armour.
You are cold-blooded and may be slowed by cold attacks.


Message History

Fire: b) +8 longbow "Zephyr" {speed, Dex+3 SInv}
Press: ? - help, Q - select action, (/) - cycle Shift-Dir - straight line, f/p - Azrael
Aim: Azrael, wielding a +2 scimitar of flaming (moderately wounded, 87% to hit)
You shoot an arrow. The arrow hits Azrael.
Azrael is moderately wounded.
Azrael gestures at you. The bolt of fire misses you.
Fire: b) +8 longbow "Zephyr" {speed, Dex+3 SInv}
Press: ? - help, Q - select action, (/) - cycle Shift-Dir - straight line, f/p - Azrael
Aim: Azrael, wielding a +2 scimitar of flaming (moderately wounded, 87% to hit)
You shoot an arrow. The arrow hits Azrael!
Azrael is heavily wounded.
You block the centaur warrior's attack.
The centaur warrior kicks you but does no damage.
Azrael hits you with a +2 scimitar of flaming!
* * * LOW HITPOINT WARNING * * *
Azrael burns you.
* * * LOW HITPOINT WARNING * * *
As you read the scroll of summoning, it crumbles to dust.
Wisps of shadow whirl around you...
The centaur warrior hits you but does no damage.
The centaur warrior kicks you but does no damage.
The centaur warrior closely misses you. The centaur warrior misses you.
Azrael gestures at you. The sticky flame hits you.
You are covered in liquid flames!
* * * LOW HITPOINT WARNING * * *
Azrael attacks as you move away! Azrael closely misses you.
You are covered in liquid flames!
* * * LOW HITPOINT WARNING * * *
The centaur warrior wields a +0 shortbow.
The centaur warrior shoots an arrow.
The arrow hits your orc priest!!
Your orc priest dies!
Your orc priest's corpse dissolves into shadows!
Your yaktaur hits Azrael!
Your orc knight roars a battlecry!
Your orc warrior goes into a battle-frenzy!
Azrael gestures at you.
The sphere of damnation explodes!
The damnation engulfs you!!
You die...

.. #.........# .).
##.........#
...####..........#
.................#
......J.........#
#.............##
##JJ.........####
##...J...........#
##@J.##.......##...
#).###############.
..o..oRc## #.
..o....cD ##
###....o.. #
#....)).. #
##........ #
#......... ##
##......... #.


You could see Azrael (ally target), a centaur warrior, a friendly orc knight
(summoned), 5 friendly slime creatures, a friendly yaktaur (summoned) and a
friendly orc warrior (summoned, strong).

Vanquished Creatures
  Rupert (D:14)
  A very ugly thing (D:14)
  Nessos (D:14)
  An ettin (Orc:2)
  A fire dragon (Lair:5)
  Harold (Lair:2)
  Fannar (Lair:1)
  8 hydras
  2 demonspawn (Orc:2)
  2 boulder beetles
  2 centaur warriors (D:13)
  Erica (D:8)
  2 catoblepae
  6 two-headed ogres
  A tengu warrior (D:14)
  3 death yaks (Lair:5)
  Urug (D:14)
  6 orc high priests (Orc:2)
  3 skeletal warriors (D:13)
  A wizard (D:14)
  A swamp dragon (Lair:5)
  3 lindwurms
  3 deep elf pyromancers
  9 orc knights
  6 orc sorcerers (Orc:2)
  10 ugly things
  6 manticores
  2 cyclopes
  A rust devil (Orc:2)
  17 elephants
  A smoke demon (Orc:2)
  3 black mambas
  2 torpor snails (Lair:5)
  Maggie (D:8)
  9 cane toads
  2 gargoyles
  A kobold demonologist (D:9)
  A yaktaur (shapeshifter) (D:15)
  An unseen horror (D:11)
  8 komodo dragons
  2 efreet
  4 rime drakes
  A freezing wraith (D:14)
  A tengu conjurer (D:12)
  7 trolls
  A polar bear (shapeshifter) (D:14)
  2 polar bears
  5 slime creatures
  29 blink frogs
  Grinder (D:3)
  6 dream sheep (Lair:5)
  2 shadows (D:9)
  5 wyverns
  2 vampires
  2 wraiths (D:12)
  5 fire elementals
  16 humans (D:14)
  37 yaks
  4 steam dragons (Lair:5)
  4 vampire mosquitoes (D:11)
  9 basilisks
  5 wargs
  5 hell hounds
  2 acid dragons
  20 water moccasins
  39 orc warriors
  2 swamp drakes (Lair:5)
  6 black bears
  A sky beast (D:6)
  2 ice beasts
  5 boggarts (D:15)
  16 centaurs
  8 ogres
  12 wolves
  2 kobold brigands
  2 necrophages (D:5)
  A gnoll sergeant (D:12)
  17 bullfrogs
  A scorpion (D:11)
  9 wights
  14 killer bees
  7 howler monkeys
  2 hounds
  28 orc priests
  A gnoll bouda (D:7)
  10 iguanas
  Natasha (thrice) (D:3)
  20 orc wizards
  11 gnolls
  10 adders
  2 shadow imps
  A worm (D:3)
  A dart slug (D:4)
  83 orcs
  9 ball pythons
  6 bats
  5 endoplasms
  5 giant cockroaches
  13 goblins
  7 hobgoblins
  10 jackals
  17 kobolds
  4 quokkas
  3 frilled lizards
  7 rats
  A butterfly (Lair:1)
712 creatures vanquished.

Vanquished Creatures (collateral kills)
  A minotaur (Gauntlet)
  A hydra (Lair:5)
  A catoblepas (Lair:5)
3 creatures vanquished.

Vanquished Creatures (others)
  An orc priest (D:7)
  An orc (Orc:1)
  82 fungi
  95 plants
179 creatures vanquished.

Grand Total: 894 creatures vanquished

Notes
Turn   | Place    | Note
-------+----------+-------------------------------------------
     0 | D:1      | robertstho the Draconian Berserker began the quest for the
                  | Orb.
     0 | D:1      | Reached XP level 1. HP: 19/19 MP: 1/1
   170 | D:1      | Reached XP level 2. HP: 12/26 MP: 2/2
   842 | D:1      | Reached XP level 3. HP: 33/33 MP: 3/3
   976 | D:1      | Found Vumoxzap's General Store.
   984 | D:1      | Bought a scroll of fog for 40 gold pieces
  1324 | D:2      | Found a faded altar of an unknown god.
  1904 | D:3      | Reached ** piety under Trog
  1907 | D:3      | Reached XP level 4. HP: 37/40 MP: 4/4
  2093 | D:3      | Noticed Natasha
  2108 | D:3      | Killed Natasha
  2583 | D:3      | Reached XP level 5. HP: 33/46 MP: 5/5
  2606 | D:3      | Noticed Natasha
  2623 | D:3      | Killed Natasha
  2807 | D:3      | Noticed Grinder
  2818 | D:3      | Paralysed by Grinder for 5 turns
  2839 | D:3      | Killed Grinder
  2840 | D:3      | Reached skill level 5 in Polearms
  2840 | D:3      | Reached skill level 1 in Stealth
  2840 | D:3      | Reached XP level 6. HP: 20/55 MP: 6/6
  3138 | D:3      | Noticed Natasha
  3145 | D:3      | Killed Natasha
  3390 | D:4      | Reached skill level 5 in Fighting
  3791 | D:4      | Found a shadowy altar of Dithmenos.
  4014 | D:4      | Your scales start taking on a rich purple colour.
  4014 | D:4      | Reached XP level 7. HP: 22/61 MP: 7/7
  4633 | D:5      | Entered Level 5 of the Dungeon
  4684 | D:5      | Reached skill level 5 in Dodging
  5119 | D:5      | Found a hazy altar of Hepliaklqana.
  5715 | D:6      | Found a staircase to the Ecumenical Temple.
  5822 | D:6      | Reached XP level 8. HP: 58/70 MP: 8/8
  5887 | D:6      | Identified the +2 ring mail "Capheoh" {rN+ Slay+2}
  6878 | D:7      | Reached XP level 9. HP: 79/79 MP: 9/9
  6921 | D:7      | Reached *** piety under Trog
  7377 | D:8      | Noticed Erica
  7389 | D:8      | Killed Erica
  7420 | D:8      | Noticed a two-headed ogre
  7441 | D:8      | Noticed Maggie
  7447 | D:8      | Killed Maggie
  7470 | D:8      | Found Onauv's Assorted Antiques.
  7509 | D:8      | Bought 2 gluggy clear potions for 43 gold pieces
  7509 | D:8      | Bought a runed copper ring for 120 gold pieces
  7509 | D:8      | Bought a notched silver ring for 120 gold pieces
  7581 | D:8      | Found a glowing golden altar of the Shining One.
  7766 | D:8      | Found a large runed translucent door.
  7767 | D:8      | Found a large runed translucent door.
  7915 | D:8      | Killed a two-headed ogre
  7916 | D:8      | Reached XP level 10. HP: 90/90 MP: 10/10
  7990 | D:8      | Found a bloodstained altar of Trog.
  8002 | D:8      | Found a sacrificial altar of Ru.
  8002 | D:8      | Noticed a two-headed ogre
  8010 | D:8      | Killed a two-headed ogre
  8193 | D:9      | Reached skill level 10 in Polearms
  8610 | D:9      | Found a flagged portal.
  8654 | Bailey   | Entered a bailey
  9026 | Bailey   | Noticed an orc knight
  9026 | Bailey   | Noticed an orc knight
  9252 | Bailey   | Killed an orc knight
  9311 | Bailey   | Killed an orc knight
 10231 | D:9      | Reached **** piety under Trog
 10310 | D:9      | Reached skill level 10 in Fighting
 10314 | D:9      | Reached XP level 11. HP: 99/99 MP: 11/11
 10512 | D:10     | Entered Level 10 of the Dungeon
 10542 | D:10     | Reached skill level 1 in Ranged Weapons
 10554 | D:10     | Found a staircase to the Orcish Mines.
 10679 | D:10     | HP: 2/100 [large slime creature (38)]
 10992 | D:10     | Reached skill level 2 in Ranged Weapons
 11325 | D:10     | Found the +12 pair of quick blades "Gyre" and "Gimble"
                  | {protect}
 11622 | D:10     | Found a sparkling altar of Nemelex Xobeh.
 11686 | D:11     | Noticed a purple ugly thing
 11754 | D:11     | Noticed a six-headed hydra
 11762 | D:11     | Killed a six-headed hydra
 11763 | D:11     | Reached skill level 3 in Ranged Weapons
 11818 | D:11     | Reached skill level 4 in Ranged Weapons
 11854 | D:11     | Found a staircase to the Lair.
 11899 | D:11     | Killed a purple ugly thing
 11900 | D:11     | Reached skill level 5 in Ranged Weapons
 12011 | D:11     | Found Uxemec's Antique Weapon Shop.
 12456 | D:11     | Noticed a two-headed ogre
 12470 | D:11     | Killed a two-headed ogre
 12471 | D:11     | Reached skill level 6 in Ranged Weapons
 12590 | D:11     | Reached ***** piety under Trog
 12822 | D:12     | Found a gate leading to a gauntlet.
 12831 | Gauntlet | Entered a Gauntlet
 12831 | Gauntlet | Found a transporter.
 12831 | Gauntlet | Found a transporter.
 12832 | Gauntlet | Found a transporter.
 12834 | Gauntlet | Found a transporter.
 12836 | Gauntlet | Found a transporter.
 12836 | Gauntlet | Found a transporter.
 12841 | Gauntlet | Noticed a tengu warrior
 12842 | Gauntlet | Found a transporter.
 12844 | Gauntlet | Found a transporter.
 12845 | Gauntlet | Found a transporter.
 12850 | Gauntlet | Found a transporter.
 12852 | Gauntlet | Noticed a death yak
 12854 | Gauntlet | Noticed a death yak
 12855 | Gauntlet | Found a transporter.
 12855 | Gauntlet | Noticed a death yak
 12855 | Gauntlet | Noticed a death yak
 12856 | Gauntlet | Found a transporter.
 12856 | Gauntlet | Noticed a necromancer
 12913 | Gauntlet | Noticed a shining eye
 13040 | Gauntlet | Identified the ring of Hospitality {Wiz rF+}
 13272 | Gauntlet | Noticed a minotaur
 13289 | Gauntlet | Killed a minotaur
 13593 | D:12     | Reached skill level 7 in Ranged Weapons
 13610 | D:12     | Found Micif's Jewellery Shoppe.
 13631 | D:12     | Bought an amulet of reflection for 360 gold pieces
 13675 | D:12     | Reached XP level 12. HP: 108/108 MP: 12/12
 13906 | D:12     | Found a runed translucent gate.
 13906 | D:12     | Found a runed translucent gate.
 13906 | D:12     | Found a runed translucent gate.
 13906 | D:12     | Noticed Sobieck's ghost (journeyman HOFi)
 13936 | D:12     | Reached skill level 10 in Dodging
 14067 | D:12     | You fall into a shaft and drop 1 floor!
 14094 | D:12     | Noticed a boulder beetle
 14155 | D:12     | Noticed a boulder beetle
 14179 | D:12     | Killed a boulder beetle
 14656 | Lair:1   | Entered Level 1 of the Lair of Beasts
 14672 | Lair:1   | Reached skill level 8 in Ranged Weapons
 14717 | Lair:1   | Reached skill level 1 in Evocations
 14906 | Lair:1   | Noticed Fannar
 14916 | Lair:1   | Killed Fannar
 14917 | Lair:1   | Reached skill level 9 in Ranged Weapons
 15258 | Lair:1   | Noticed a catoblepas
 15848 | Lair:1   | Killed a catoblepas
 16263 | Lair:2   | Reached skill level 10 in Ranged Weapons
 16271 | Lair:2   | Reached skill level 1 in Shields
 16478 | Lair:2   | Noticed Harold
 16499 | Lair:2   | Killed Harold
 16739 | Lair:2   | Reached XP level 13. HP: 114/115 MP: 13/13
 17428 | D:12     | Bought a +4 ring of protection for 432 gold pieces
 18007 | Lair:3   | Reached skill level 11 in Ranged Weapons
 18052 | Lair:3   | Identified the +0 chain mail of Misanthropy {Rampage Will+
                  | MP-9 Str+3}
 18180 | Lair:3   | Found a staircase to the Snake Pit.
 18180 | Lair:3   | You fall into a shaft and drop 2 floors!
 18180 | Lair:5   | Entered Level 5 of the Lair of Beasts
 18573 | Lair:5   | Received a gift from Trog
 18789 | Lair:5   | Found a staircase to the Slime Pits.
 18789 | Lair:5   | Found a viscous altar of Jiyva.
 18833 | Lair:5   | Reached skill level 12 in Ranged Weapons
 19168 | Lair:5   | Reached skill level 13 in Ranged Weapons
 19187 | Lair:5   | Reached XP level 14. HP: 81/129 MP: 14/14
 20358 | Lair:5   | Identified the +6 trident of Red Uncertain Death {flame,
                  | Str+2} (Trog gifted it to you on level 5 of the Lair of
                  | Beasts)
 20358 | Lair:5   | Received a gift from Trog
 20797 | Lair:4   | Reached skill level 14 in Ranged Weapons
 21419 | Lair:3   | Found a staircase to the Shoals.
 22094 | Orc:1    | Entered Level 1 of the Orcish Mines
 22322 | Orc:1    | Received a gift from Trog
 22547 | Orc:2    | Entered Level 2 of the Orcish Mines
 22960 | Orc:2    | Found a staircase to the Elven Halls.
 23017 | Orc:2    | Found Qeyrof's Distillery.
 23157 | Orc:2    | Found Waut's Distillery.
 23170 | Orc:2    | Bought a potion of haste for 150 gold pieces
 23170 | Orc:2    | Bought a potion of curing for 45 gold pieces
 23170 | Orc:2    | Bought 2 potions of invisibility for 240 gold pieces
 23172 | Orc:2    | Bought a potion of heal wounds for 65 gold pieces
 23172 | Orc:2    | Bought a potion of curing for 39 gold pieces
 23172 | Orc:2    | Bought a potion of berserk rage for 65 gold pieces
 23172 | Orc:2    | Bought a potion of curing for 39 gold pieces
 23246 | Orc:2    | Reached skill level 15 in Ranged Weapons
 23545 | Orc:2    | Reached XP level 15. HP: 46/139 MP: 15/15
 23866 | Orc:2    | Reached ****** piety under Trog
 23920 | Orc:2    | Found Baecwo Yfih's Jewellery Shop.
 23920 | Orc:2    | Found Lalah's Antique Armour Boutique.
 23929 | Orc:2    | Found a one-way gate leading to the halls of Pandemonium.
 24211 | D:13     | Identified the +5 scale mail "Ameumoni" {Str+2}
 24248 | D:13     | Identified the +4 short sword "Exoich" {flame, Int+2 Dex+5}
 24398 | D:13     | Received a gift from Trog
 24764 | D:13     | Reached skill level 15 in Fighting
 25184 | D:14     | Noticed Urug
 25184 | D:14     | Noticed Rupert
 25184 | D:14     | Noticed Nessos
 25184 | D:14     | Found a gate to the Vaults.
 25279 | D:14     | Reached skill level 16 in Ranged Weapons
 25591 | D:14     | Killed Rupert
 25606 | D:14     | Killed Urug
 25822 | D:14     | Killed Nessos
 26969 | D:15     | Entered Level 15 of the Dungeon
 27160 | D:15     | Received a gift from Trog
 27167 | D:15     | Noticed Azrael
 27210 | D:15     | Killed from afar by Azrael

Illustrated notes

Levels and vault maps discovered:
D:1:      dpeg_arrival_radiant, layout_loops_ring, serial_shops,
          nicolae_shop_waterfront, minmay_misc_feat_x
D:2:      layout_basic, basic_ecumenical_altar
D:3:      layout_rooms, uniq_grinder, uniq_natasha
D:4:      layout_basic, grunt_dithmenos_smoke
D:5:      layout_cave_pools, nicolae_hepliaklqana_hazy_memory,
          grunt_ministairs_13, minivault_5
D:6:      layout_gridville, minmay_temple_entry_stoned_glass
D:7:      layout_rooms
D:8:      layout_rooms, nicolae_tso_carved_into_rock, jmf_multi_god_temple2,
          serial_shops, nicolae_shop_statue_plus, uniq_maggie, uniq_erica
D:9:      layout_loops_ring, enter_bailey_5
D:10:     layout_rooms, nemelex_spade_bored_becter, david_orc_3, eino_jars
D:11:     layout_small_grid, due_lair_maze_entry_diamond, serial_shops,
          nicolae_shop_stone
D:12:     layout_rooms, ebering_ghost_rock_garden, gauntlet_entry_generic,
          serial_shops, nicolae_diamond_shop, serial_rivers,
          chequers_serial_rivers_large_a, chequers_serial_rivers_small_3,
          chequers_serial_rivers_small_a, chequers_serial_rivers_micro_b,
          chequers_serial_rivers_micro_a, chequers_serial_rivers_micro_b,
          minivault_19, lightli_corner_chamber
D:13:     layout_roguey
D:14:     layout_layer_cave, david_vaults_3, minmay_misc_feat_hallway,
          portal_ice_cave_entry_ugly_swarm
D:15:     grunt_enter_depths_snipers, layout_cave_pods, chequers_arboretum,
          uniq_azrael
Lair:1:   layout_roguey, grunt_megastairs_3, infiniplex_staircase_pool_2,
          lemuel_fruit_fields, lemuel_fruit_tree, uniq_fannar
Lair:2:   layout_regular_city, chequers_serial_rivers_room_b,
          chequers_serial_rivers_marsh, uniq_harold, uniq_urug
Lair:3:   layout_regular_city, minmay_shoals_entry_centaurs, dummy_snake_entry
Lair:4:   layout_small_grid, uniq_nessos
Lair:5:   guppyfry_lair_end_dragon, layout_loops_ring, hangedman_lair_in_review,
          slime_entry_1
Orc:1:    layout_caves
Orc:2:    pf_orc_diabolical, layout_caves

Skill      XL: |  1  2  3  4  5  6  7  8  9 10 11 12 13 14 15 |
---------------+----------------------------------------------+-----
Dodging        | 3 4 5 6 8 9 10 11 12 | 12.2
Fighting       | 4 5 6 7 8 10 12 13 14 15 | 15.5
Polearms       | 4 5 6 7 9 11 | 11.0
Stealth        | 1 2 3 4 |  4.3
Ranged Weapons | 7 10 13 15 16 | 16.9
Evocations     | 1 |  1.3
Shields        | 1 2 |  2.2

Action                   |  1- 3 |  4- 6 |  7- 9 | 10-12 | 13-15 || total
-------------------------+-------+-------+-------+-------+-------++-------
Melee: Spear             |   167 |   169 |   193 |       |       ||   529
       Tailslap          |     8 |    22 |    37 |    15 |       ||    82
       Punch             |     1 |     1 |     3 |       |       ||     5
       Halberd           |       |       |   162 |   148 |       ||   310
 Fire: Longbow           |       |       |       |   667 |  1663 ||  2330
Invok: Berserk           |     1 |     7 |    10 |     6 |       ||    24
       Trog's Hand       |       |       |       |     1 |       ||     1
       Brothers in Arms  |       |       |       |     2 |     1 ||     3
Evoke: Lightning rod     |       |       |       |     4 |       ||     4
  Use: Scroll            |     2 |     2 |     6 |    15 |     9 ||    34
       Potion            |       |       |     1 |     3 |     2 ||     6
 Stab: Sleeping          |     1 |     1 |     5 |     4 |       ||    11
       Distracted        |       |       |     1 |       |       ||     1
Armor: Skin              |    49 |    36 |   103 |   115 |   133 ||   436
Dodge: Dodged            |    93 |    73 |   209 |   494 |   423 ||  1292
Block: Other             |       |       |       |    32 |   107 ||   139
       Reflection        |       |       |       |       |    14 ||    14
